 Dungeon Crawl Stone Soup version 0.31-a0-774-g0d66cbabe8 (webtiles) character file.

Game seed: 18327814074977982424

177735 Gargoyl the Executioner (level 18, -2/122 HPs)
             Began as a Gargoyle Berserker on Sept 17, 2023.
             Was a Priest of Trog.
             Killed by Lee's Rapid Deconstruction
             ... invoked by a deep elf elementalist
              (27 damage)
             ... on level 3 of the Elven Halls.
             The game lasted 00:44:28 (30330 turns).

Gargoyl the Executioner (Gargoyle Berserker)       Turns: 30330, Time: 00:44:28

Health: -2/122     AC: 47    Str: 28    XL:     18   Next: 17%
Magic:  18/18      EV: 19    Int: 11    God:    Trog [***...]
Gold:   1125       SH:  5    Dex: 15    Spells: 17/17 levels left

rFire   . . .        v - +5 Lochaber axe {reach-cleave, Poleaxe Drain}
rCold   + . .        (shield currently unavailable)
rNeg    + . .        D - +2 crystal plate armour {rC+}
rPois   ∞            C - +2 hat
rElec   +            p - +2 cloak
rCorr   .            y - +2 pair of gloves
SInv    .            R - +1 pair of boots {Fly}
Will    +++..        G - amulet of reflection Stlth
                     o - ring of the Hare {EV+10}
HPRegen 1.40/turn    O - ring "Kisu" {Str+6 Int+2 Stlth+}
MPRegen 0.16/turn

%: reflection
@: strong-willed, flying, regenerating, studying Stealth
A: sickness immunity, AC +13, big wings, negative energy resistance 1,
electricity resistance, torment resistance 1, petrification resistance
a: Renounce Religion, Berserk, Trog's Hand


You were on level 3 of the Elven Halls.
You worshipped Trog.
Trog was most pleased with you.
You visited 5 branches of the dungeon, and saw 26 of its levels.
You also visited: Trove and Ice Cave.

You collected 2797 gold pieces.
You spent 1672 gold pieces at shops.

Inventory:

Hand Weapons
 v - the +5 Lochaber axe (weapon) {reach-cleave, Poleaxe Drain}
   (You found it on level 2 of the Lair of Beasts)

   Poleaxe:   It uses either Axes or Polearms skill, whichever is higher.
   Drain:     It drains your maximum health when unequipped.
 z - the +10 hand axe "Tuisext" {heavy, rElec}
   (You found it on level 10 of the Dungeon)

   rElec:     It insulates you from electricity.
 P - a +3 scimitar of flaming
 Q - a +4 broad axe of electrocution
Missiles
 u - 46 poisoned darts (quivered)
Armour
 p - a +2 cloak (worn)
 y - a +2 pair of gloves (worn)
 C - a +2 hat (worn)
 D - a +2 crystal plate armour of cold resistance (worn)
 R - a +1 pair of boots of flying (worn)
Jewellery
 a - a ring of protection from fire
 c - the ring "Webiobu" {rElec Int+6 Dex+6 Stlth+}
   (You found it in a treasure trove)

   [ring of dexterity]

   Int+6:     It affects your intelligence (+6).
   Dex+6:     It affects your dexterity (+6).
   rElec:     It insulates you from electricity.
   Stlth+:    It makes you more stealthy.
 e - the amulet of Ufueruts {Spirit rF+}
   (You found it in a treasure trove)

   [amulet of guardian spirit]

   Spirit:    It causes incoming damage to be divided between your reserves of
   health and magic.
   rF+:       It protects you from fire.
 h - the ring "Tewyla Sehu" {Fly rElec Dex+6 Slay-3 Stlth+}
   (You found it in a treasure trove)

   [ring of dexterity]

   Dex+6:     It affects your dexterity (+6).
   Slay-3:    It affects your accuracy & damage with ranged weapons and melee
   (-3).
   rElec:     It insulates you from electricity.
   Fly:       It grants you flight.
   Stlth+:    It makes you more stealthy.
 n - an amulet of magic regeneration
 o - the ring of the Hare (left hand) {EV+10}
   (You found it in a treasure trove)

   [ring of evasion]

   EV+10:     It affects your evasion (+10).
 E - the ring "Gilao" {rN+ Will+ Dex+6}
   (You found it in a treasure trove)

   [ring of dexterity]

   Dex+6:     It affects your dexterity (+6).
   rN+:       It protects you from negative energy.
   Will+:     It increases your willpower.
 G - an amulet of reflection (around neck)
 I - an amulet of faith
 O - the ring "Kisu" (right hand) {Str+6 Int+2 Stlth+}
   (You found it on level 11 of the Dungeon)

   [ring of strength]

   Str+6:     It affects your strength (+6).
   Int+2:     It affects your intelligence (+2).
   Stlth+:    It makes you more stealthy.
 W - the amulet "Teonoc" {Acrobat -Tele rElec MP+9}
   (You found it in a treasure trove)

   [amulet of the acrobat]

   Acrobat:   It increases your evasion while moving and waiting.
   rElec:     It insulates you from electricity.
   MP+9:      It affects your magic capacity (+9).
   -Tele:     It prevents most forms of teleportation.
 X - the brooch of Shielding {Spirit SH+8}
   (You found it in a treasure trove)

   [amulet of guardian spirit]

   Spirit:    It causes incoming damage to be divided between your reserves of
   health and magic.
   SH+8:      It affects your SH (+8).
Wands
 q - a wand of mindburst (15)
 t - a wand of charming (13)
 H - a wand of iceblast (4)
Scrolls
 l - 7 scrolls of vulnerability
 m - 10 scrolls of teleportation
 r - 3 scrolls of poison
 w - 4 scrolls of identify
 B - 2 scrolls of fear
 F - a scroll of silence
 K - 2 scrolls of revelation
 U - a scroll of enchant armour
Potions
 b - a potion of berserk rage
 d - 4 potions of magic
 f - 2 potions of curing
 g - 3 potions of mutation
 i - a potion of might
 j - 2 potions of heal wounds
 k - 3 potions of haste
 s - a potion of cancellation
 x - a potion of enlightenment
 A - 2 potions of ambrosia
 T - a potion of invisibility


   Skills:
 + Level 16.5 Fighting
 + Level 21.9 Axes
 + Level 0.5 Throwing
 + Level 10.5 Armour
 + Level 9.6 Dodging
 + Level 5.5 Stealth
 + Level 5.7 Shields


You had 17 spell levels left.
You didn't know any spells.
Your spell library was empty.

Dungeon Overview and Level Annotations

Branches:
Dungeon (15/15)            Temple (1/1) D:6            Lair (5/5) D:8
  Swamp (0/4) Lair:2       Spider (0/4) Lair:2        Slime (0/5) Lair:4
    Orc (2/2) D:9             Elf (3/3) Orc:2        Vaults (0/5) D:13
 Depths (0/4) D:15          IceCv (visited)

Altars:
Ashenzari
Cheibriados
Dithmenos
Elyvilon
Fedhas
Gozag
Hepliaklqana
Kikubaaqudgha
Makhleb
Nemelex Xobeh
Okawaru
Qazlal
Ru
Sif Muna
Trog
Uskayaw
Vehumet
Wu Jian
Xom
Yredelemnul
Zin
The Shining One
Jiyva

Shops:
D:4 (   Orc:1 [   Orc:2 (*[(

Annotations:
D:1 1 transporter
Elf:2 Roxanne


Innate Abilities, Weirdness & Mutations

You are immune to sickness and miasma.
Your stone body is resilient. (AC +13)
You are immune to poison.
Your large and strong wings let you fly.
You resist negative energy. (rN+)
You are resistant to electric shocks. (rElec)
You are resistant to unholy torment.
You are immune to petrification.


Message History

There is an open gate here.
Unknown command.
The deep elf elementalist casts a spell next to you.
The stone door frame shatters!
The blast of rock fragments hits you but does no damage.
Unknown command.
You slash the deep elf annihilator!
The deep elf annihilator is severely wounded.
The deep elf high priest mumbles some strange prayers to its god.
The deep elf high priest begins emitting a brilliant aura!
The deep elf annihilator is empowered by the deep elf high priest's aura!
The deep elf elementalist is empowered by the deep elf high priest's aura!
The deep elf elementalist casts a spell next to you.
The stone door frame shatters!
The blast of rock fragments hits you but does no damage.
You slice the deep elf annihilator!!
The deep elf annihilator is almost dead.
The deep elf annihilator hits you but does no damage.
The deep elf elementalist casts a spell next to you.
The stone door frame shatters!
The blast of rock fragments hits you but does no damage.
The deep elf high priest shoots an arrow.
The arrow barely misses you.
The arrow hits the deep elf annihilator!!
The deep elf annihilator dies!
The deep elf elementalist casts a spell next to you.
The stone door frame shatters!
The blast of rock fragments hits you!
The deep elf high priest shoots an arrow.
The arrow hits you but does no damage.
Things that are here:
a +0 rapier; an elf corpse Unknown command.
The deep elf elementalist gestures at you while chanting.
The fireball explodes!
The fireball engulfs you!!!
* * * LOW HITPOINT WARNING * * *
Your skin crawls.
You feel strong-willed.
The deep elf elementalist gestures at you while chanting.
You shatter!!
You die...

## #....~≈#).#...# .#####
#....~≈#..'...# #'#..#
#....~≈#..#...#
#....####....~≈#).#...#
.....'.......~≈#).#...#
#....####....~≈#..#...# ##...#
#.(..~~#).#...# #+###
#......').#...# #.#
#...)..'@.#...# #.#
##......)..###'# #.#
##.....~≈#e.#...# #.#
##.#....~~#.e#...#
#.###.##....~≈#..'...#
##.##.###....~≈#..#...# ##'#.##
#....~≈#..#...# ....#
...'#####....~≈#..##'##.....##
.....'.....<.~≈#..#...#......##


You could see a deep elf elementalist (empowered, repels missiles) and a deep
elf high priest (brilliance aura).

Vanquished Creatures
  Jorgrun (D:12)
  A deep elf sorcerer (Elf:1)
  An orc warlord (Orc:2)
  5 deep elf elementalists (Elf:3)
  The ghost of Zeus21348 the Protected, a journeyman DsGl of Wu Jian (D:12)
  3 deep elf annihilators (Elf:3)
  Snorg (Lair:5)
  A deep elf high priest (Elf:3)
  3 ice dragons
  The ghost of SkaryMonk the Covered, a journeyman AtWr of Ignis (D:10)
  3 vault guards (D:13)
  6 centaur warriors
  6 hydras
  5 two-headed ogres
  36 dancing weapons
  3 boulder beetles (Lair:4)
  2 tengu warriors (D:15)
  An orc high priest (Orc:2)
  Urug (Lair:5)
  A fire crab (shapeshifter) (D:14)
  Amaemon (D:8)
  13 deep elf knights
  19 skeletal warriors
  A bog body (IceCv)
  An orange crystal statue (D:11)
  Pikel (D:4)
  9 deep elf archers
  21 deep elf zephyrmancers
  3 lindwurms
  4 wolf spiders
  9 orc knights
  2 orc sorcerers (Orc:2)
  28 deep elf pyromancers
  9 ugly things
  A will-o-the-wisp (Lair:2)
  A necromancer (IceCv)
  4 elephants (Lair:3)
  5 cyclopes
  5 manticores
  2 ice statues (IceCv)
  6 black mambas
  A guardian serpent (Lair:5)
  20 slime creatures
  5 torpor snails (Lair:5)
  4 gargoyles
  23 cane toads
  An orange demon (D:8)
  2 kobold demonologists
  8 komodo dragons
  8 rime drakes
  2 freezing wraiths
  3 ice devils (IceCv)
  A polar bear (Lair:2)
  A wolf spider simulacrum (D:15)
  9 trolls
  2 tyrant leeches (Lair:5)
  20 blink frogs
  13 hornets
  A tarantella (shapeshifter) (D:15)
  A tarantella (Lair:4)
  A raiju (shapeshifter) (D:14)
  Prince Ribbit (D:5)
  A jumping spider (Lair:4)
  An air elemental (Elf:2)
  A water elemental (Elf:1)
  4 vampires
  2 shadows (D:9)
  3 wraiths
  12 wyverns
  A fire elemental (Elf:2)
  2 dire elephant simulacra (IceCv)
  A yak (shapeshifter) (D:15)
  7 humans (D:13)
  52 yaks
  7 vampire mosquitoes
  A golden eye (shapeshifter) (D:14)
  2 steam dragons
  A death yak simulacrum (IceCv)
  4 redbacks
  4 basilisks
  3 wargs
  Menkaure (D:6)
  6 harpy simulacra (IceCv)
  An acid dragon (D:11)
  2 hydra simulacra (IceCv)
  23 water moccasins
  6 ice beasts
  37 orc warriors
  A sky beast (D:7)
  3 black bears
  10 ogres
  2 boggarts (D:8)
  14 wolves (Lair:4)
  4 centaurs
  3 phantoms
  Blork the orc (D:5)
  4 kobold brigands
  19 bullfrogs
  4 earth elementals
  A gnoll sergeant (D:6)
  5 scorpions
  6 necrophages (Lair:3)
  9 wights
  A troll zombie (D:9)
  2 elephant simulacra (IceCv)
  15 killer bees
  A howler monkey (D:9)
  2 electric eels (Elf:3)
  4 hounds
  3 lava snakes (Lair:4)
  A quasit (D:8)
  18 orc priests
  Crazy Yiuf (D:4)
  A jelly (D:7)
  4 iguanas
  Ijyb (D:5)
  19 orc wizards
  A spriggan simulacrum (IceCv)
  7 ogre zombies (D:9)
  9 gnolls
  6 adders
  A shadow imp (D:7)
  4 white imps
  An ufetubus (D:8)
  2 worms (D:3)
  2 dart slugs
  79 orcs
  6 bats
  4 endoplasms
  4 giant cockroaches
  A hobgoblin (D:1)
  4 jackals (D:1)
  30 kobolds
  6 quokkas
  5 ball pythons
  5 frilled lizards
  5 goblins
  A goblin skeleton (D:9)
  A goblin zombie (D:9)
  A hobgoblin skeleton (D:9)
  5 hobgoblin zombies (D:9)
  17 orc zombies (D:9)
  3 rats
908 creatures vanquished.

Vanquished Creatures (collateral kills)
  A hydra (Lair:3)
  2 orc knights (Orc:1)
  2 ice devils (IceCv)
  An efreet (D:15)
  A troll (Orc:1)
  2 tyrant leeches (Lair:5)
  A blink frog (Lair:4)
  A slime creature (D:15)
  A warg (Orc:2)
  2 orc warriors
  An orc wizard (Orc:2)
15 creatures vanquished.

Vanquished Creatures (others)
  A deep elf sorcerer (Elf:3)
  A deep elf annihilator (Elf:3)
  A vault guard (D:13)
  A slime creature (D:15)
  A human (D:13)
  A kobold (D:9)
  2 foxfires (Lair:2)
8 creatures vanquished.

Grand Total: 931 creatures vanquished

Notes
Turn   | Place    | Note
-------+----------+-------------------------------------------
     0 | D:1      | Gargoyl the Gargoyle Berserker began the quest for the Orb.
     0 | D:1      | Reached XP level 1. HP: 14/14 MP: 1/1
    70 | D:1      | Reached XP level 2. HP: 19/19 MP: 2/2
    94 | D:1      | Reached skill level 3 in Axes
   352 | D:1      | Reached XP level 3. HP: 23/23 MP: 3/3
   606 | D:1      | Reached ** piety under Trog
  1157 | D:2      | Identified the +1 leather armour of Plog {rPois}
  1545 | D:2      | Found an opulent altar of Gozag.
  2001 | D:3      | You fall into a shaft and drop 2 floors!
  2001 | D:5      | Entered Level 5 of the Dungeon
  2009 | D:5      | Noticed a scorpion
  2021 | D:5      | Killed a scorpion
  2022 | D:5      | Reached skill level 1 in Stealth
  2022 | D:5      | Reached XP level 4. HP: 25/29 MP: 4/4
  2022 | D:5      | Reached XP level 5. HP: 29/33 MP: 5/5
  2028 | D:5      | Reached skill level 4 in Axes
  2435 | D:3      | Noticed a black bear
  2446 | D:3      | Killed a black bear
  2447 | D:3      | Reached XP level 6. HP: 24/38 MP: 6/6
  2556 | D:4      | Identified the +8 hammer of Frustration {drain, rElec rCorr
                  | Str+3 Dex+3}
  2558 | D:4      | Found a runed translucent door.
  2559 | D:4      | Noticed Crazy Yiuf
  2570 | D:4      | Killed Crazy Yiuf
  2687 | D:4      | Found Dure's Antique Weapon Emporium.
  2949 | D:4      | Noticed Pikel
  2959 | D:4      | Killed Pikel
  2960 | D:4      | Reached skill level 5 in Fighting
  2960 | D:4      | Reached skill level 6 in Axes
  2960 | D:4      | Reached XP level 7. HP: 44/44 MP: 7/7
  3380 | D:5      | Noticed Prince Ribbit
  3397 | D:5      | Reached XP level 8. HP: 49/49 MP: 8/8
  3445 | D:5      | Killed Prince Ribbit
  3487 | D:5      | Reached skill level 7 in Axes
  3575 | D:5      | Found an ornate altar of the Wu Jian Council.
  3693 | D:5      | Found a sacrificial altar of Ru.
  3726 | D:5      | Noticed Blork the orc
  3751 | D:5      | Killed Blork the orc
  3992 | D:5      | Reached XP level 9. HP: 55/55 MP: 9/9
  4049 | D:5      | Noticed Ijyb
  4061 | D:5      | Killed Ijyb
  4145 | D:5      | Reached skill level 5 in Dodging
  4303 | D:6      | Reached skill level 8 in Axes
  4400 | D:6      | Noticed Menkaure
  4410 | D:6      | Killed Menkaure
  4432 | D:6      | Found a staircase to the Ecumenical Temple.
  4701 | D:6      | Found a sparkling altar of Nemelex Xobeh.
  4710 | D:6      | Found a radiant altar of Vehumet.
  4945 | D:7      | Noticed a hornet
  4966 | D:7      | Killed a hornet
  5148 | D:7      | Reached skill level 9 in Axes
  5482 | D:7      | Reached XP level 10. HP: 63/63 MP: 10/10
  5618 | D:7      | Reached *** piety under Trog
  5659 | D:7      | Found a glowing silver altar of Zin.
  6486 | D:8      | Found a staircase to the Lair.
  6645 | D:8      | Reached skill level 10 in Axes
  6773 | D:8      | Noticed a two-headed ogre
  6773 | D:8      | Noticed a two-headed ogre
  6789 | D:8      | Killed a two-headed ogre
  6790 | D:8      | Killed a two-headed ogre
  6898 | D:8      | Noticed Amaemon
  6898 | D:8      | Noticed an orange demon
  6916 | D:8      | Killed Amaemon
  6917 | D:8      | Reached XP level 11. HP: 64/69 MP: 11/11
  7064 | D:9      | Reached skill level 11 in Axes
  7091 | D:9      | Reached **** piety under Trog
  7614 | D:9      | Found an ancient bone altar of Kikubaaqudgha.
  7730 | D:9      | Found a staircase to the Orcish Mines.
  8088 | D:10     | Entered Level 10 of the Dungeon
  8195 | D:10     | Found a blossoming altar of Fedhas.
  8551 | D:10     | Identified the +10 hand axe "Tuisext" {heavy, rElec}
  8558 | D:10     | Reached ***** piety under Trog
  8594 | D:10     | Found a runed translucent gate.
  8595 | D:10     | Found a runed translucent gate.
  8610 | D:10     | Reached skill level 12 in Axes
  8725 | D:10     | Found a runed translucent gate.
  8726 | D:10     | Noticed SkaryMonk's ghost (journeyman AtWr)
  9215 | D:10     | Killed SkaryMonk's ghost
  9292 | Lair:1   | Entered Level 1 of the Lair of Beasts
  9302 | Lair:1   | Reached XP level 12. HP: 54/76 MP: 12/12
  9681 | Lair:1   | Reached skill level 10 in Fighting
  9690 | Lair:1   | Found a frozen archway.
  9891 | IceCv    | Entered an ice cave
  9926 | IceCv    | Reached skill level 13 in Axes
 10271 | IceCv    | Reached skill level 5 in Stealth
 10948 | Lair:1   | Identified the +4 robe of Servitude {rF+}
 11667 | Lair:2   | Found the +5 Lochaber axe {reach-cleave, Poleaxe Drain}
 11704 | Lair:2   | Found a staircase to the Swamp.
 11715 | Lair:2   | Reached XP level 13. HP: 73/84 MP: 13/13
 11915 | Lair:2   | Reached skill level 14 in Axes
 12216 | Lair:2   | Found a hole to the Spider Nest.
 12566 | Lair:3   | HP: 6/126 [12-headed hydra (4)]
 13228 | Lair:3   | Reached skill level 5 in Armour
 13362 | Lair:3   | Reached skill level 15 in Axes
 14341 | Lair:5   | Entered Level 5 of the Lair of Beasts
 14644 | Lair:5   | Gained mutation: Your large and strong wings let you fly.
                  | [Gargoyle growth]
 14644 | Lair:5   | Reached XP level 14. HP: 63/92 MP: 14/14
 14847 | Lair:4   | Found a viscous altar of Jiyva.
 14849 | Lair:4   | Found a staircase to the Slime Pits.
 14971 | Lair:4   | Reached skill level 16 in Axes
 15258 | Lair:4   | Found a runed translucent door.
 15354 | Lair:4   | Identified the +3 whip of Gitaph {pain, *Slow rN+ Str+3}
 15356 | Lair:4   | Found a runed translucent gate.
 15356 | Lair:4   | Found a runed translucent gate.
 15356 | Lair:4   | Found a runed translucent gate.
 15356 | Lair:4   | Found a runed translucent gate.
 15357 | Lair:4   | Found a runed translucent gate.
 15372 | Lair:4   | Found a runed translucent gate.
 16127 | Lair:5   | Noticed Urug
 16140 | Lair:5   | Killed Urug
 16539 | Lair:5   | Noticed Snorg
 16549 | Lair:5   | Killed Snorg
 16557 | Lair:5   | Reached skill level 1 in Shields
 16653 | Lair:5   | Reached skill level 17 in Axes
 17044 | Lair:5   | Found a runed translucent door.
 17323 | Lair:5   | Reached XP level 15. HP: 48/99 MP: 15/15
 18512 | D:11     | Identified the -1 pair of gloves "Cyxt" {Harm rPois Str+9
                  | Dex-5}
 18824 | D:11     | Identified the +2 leather armour of the Pit {Will- Regen+
                  | Str+3}
 18962 | D:11     | Identified the ring "Kisu" {Str+6 Int+2 Stlth+}
 18969 | D:11     | Identified the +1 ring mail "Huodghadue" {rC+ Regen+}
 19288 | D:12     | Noticed Jorgrun
 19298 | D:12     | Killed Jorgrun
 19299 | D:12     | Reached skill level 18 in Axes
 19675 | D:12     | Found a stormy altar of Qazlal.
 19758 | D:12     | Found a runed translucent gate.
 19764 | D:12     | Found a runed translucent gate.
 19764 | D:12     | Found a runed translucent gate.
 19771 | D:12     | Noticed Zeus21348's ghost (journeyman DsGl)
 19994 | D:12     | Killed Zeus21348's ghost
 20678 | D:13     | Found a hazy altar of Hepliaklqana.
 20994 | D:13     | Found a gate to the Vaults.
 21233 | D:14     | Reached XP level 16. HP: 97/106 MP: 16/16
 21371 | D:14     | Reached skill level 19 in Axes
 21722 | D:14     | Found a glowing golden altar of the Shining One.
 21723 | D:14     | Found a glowing silver altar of Zin.
 21740 | D:14     | Found a white marble altar of Elyvilon.
 22100 | D:15     | Entered Level 15 of the Dungeon
 22874 | D:15     | Found a staircase to the Depths.
 23493 | Orc:1    | Entered Level 1 of the Orcish Mines
 23493 | Orc:1    | Found Ujoaco's Armour Boutique.
 23568 | Orc:1    | Bought +1 gold dragon scales for 1392 gold pieces
 23957 | Orc:2    | Entered Level 2 of the Orcish Mines
 23980 | Orc:2    | Reached skill level 15 in Fighting
 24367 | Orc:2    | Found Tefates's General Store.
 24511 | Orc:2    | Found Faqaor's Antique Weapon Shoppe.
 24522 | Orc:2    | Reached skill level 20 in Axes
 24955 | Orc:2    | Found Afani's Antique Armour Boutique.
 24973 | Orc:2    | Found Xuseefoth's Antique Weapon Shop.
 24987 | Orc:2    | Bought a shimmering war axe for 280 gold pieces
 24987 | Orc:2    | Identified the +8 war axe "Cigykk" {pain, Contam Str+4
                  | Stlth+} (You bought it in a shop on level 2 of the Orcish
                  | Mines)
 25196 | Orc:2    | Found a staircase to the Elven Halls.
 25405 | Elf:1    | Entered Level 1 of the Elven Halls
 25598 | Elf:1    | Received a gift from Trog
 25882 | Elf:1    | Reached XP level 17. HP: 97/113 MP: 17/17
 26553 | Elf:2    | Found a portal to a secret trove of treasure.
 26627 | Trove    | Entered a treasure trove
 26627 | Trove    | Found the ring of the Hare {EV+10}
 26627 | Trove    | Found the brooch of Shielding {Spirit SH+8}
 26632 | Trove    | Identified the amulet "Teonoc" {Acrobat -Tele rElec MP+9}
 26639 | Trove    | Identified the amulet "Cyas Qai" {Acrobat Drain rN+ Dex+5
                  | Stlth+}
 26641 | Trove    | Identified the ring of Miofruij {rF+ rCorr}
 26646 | Trove    | Identified the ring "Tewyla Sehu" {Fly rElec Dex+6 Slay-3
                  | Stlth+}
 26647 | Trove    | Identified the ring "Webiobu" {rElec Int+6 Dex+6 Stlth+}
 26673 | Trove    | Identified the amulet of Ufueruts {Spirit rF+}
 26682 | Trove    | Identified the ring "Gilao" {rN+ Will+ Dex+6}
 26690 | Trove    | Identified the ring "Nucecouth" {rC+ rCorr}
 26713 | Elf:2    | Noticed Roxanne
 27272 | Elf:2    | Reached skill level 21 in Axes
 27425 | Temple   | Entered the Ecumenical Temple
 27775 | Elf:2    | Reached skill level 5 in Shields
 27929 | Elf:2    | Found a runed translucent gate.
 27930 | Elf:2    | Found a runed translucent gate.
 27930 | Elf:2    | Found a runed translucent gate.
 27951 | Elf:2    | Reached * piety under Trog
 28566 | Elf:2    | Reached skill level 10 in Armour
 29143 | Elf:3    | Entered Level 3 of the Elven Halls
 29896 | Elf:3    | Reached XP level 18. HP: 122/122 MP: 18/18
 30214 | Elf:3    | Identified the +5 flail "Qujedujo" {flame, rC+}
 30330 | Elf:3    | Killed from afar by a deep elf elementalist

Illustrated notes

Levels and vault maps discovered:
D:1:      spicycebolla_arrival_transporter_tutorial, layout_basic, st_stairs_5,
          chequers_mini_garden, minmay_hexomino_p4
D:2:      layout_basic, basic_altar
D:3:      layout_rooms
D:4:      layout_gridville, serial_shops, shop, uniq_pikel,
          uniq_crazy_yiuf_cottage
D:5:      layout_basic, mainiacjoe_overflow_large_starburst,
          uniq_prince_ribbit1, uniq_ijyb, uniq_blork_the_orc
D:6:      layout_cave_pools, mainiacjoe_overflow_swirl,
          minmay_temple_entry_offerings, uniq_menkaure
D:7:      layout_loops_ring, zin_academy
D:8:      layout_basic, lair_entry_dummy, serial_demonic, serial_demonic_c,
          serial_demonic_e, serial_demonic_g, serial_demonic_g,
          nicolae_phantomly_mirrored, uniq_amaemon
D:9:      layout_small_grid, mainiacjoe_overflow_brackets, zombieorc2_lemuel,
          minmay_unpleasant_kobolds
D:10:     layout_rooms, mainiacjoe_overflow_catwalk, ebering_ghost_rock_garden,
          minmay_lizard_king
D:11:     layout_cave_pods, minivault_15
D:12:     layout_roguey, gammafunk_ghost_hydra_chop, grunt_qazlal_sundering,
          uniq_jorgrun
D:13:     layout_rooms, ximxim_vaults_locker_room, nzn_hepliaklqana_mist_gate
D:14:     layout_gridville, good_gods_temple_1
D:15:     grunt_enter_depths_hoard, layout_basic, minmay_misc_feat_x
Temple:   nicolae_temple_bog_church
Lair:1:   layout_cellular_growth, portal_ice_cave_rime
Lair:2:   layout_concentric_octagons, minmay_swamp_entry_wisps,
          dummy_spider_entry
Lair:3:   layout_hall_layers, roderic_carrion_pond, grunt_megastairs_2
Lair:4:   gammafunk_indiana_jones, layout_concentric_octagons, slime_entry_1,
          chequers_serial_rivers_small_b
Lair:5:   hangedman_lair_tendril_chambers, layout_concentric_octagons, wormcave,
          lemuel_fruit_tree, uniq_urug, uniq_snorg
Orc:1:    layout_caves, special_room [special_room_orc], serial_shops,
          nicolae_shop_trees
Orc:2:    grunt_orc_community_town_hall, layout_caves,
          grunt_orc_community_big_house_1, grunt_orc_community_big_house_1,
          grunt_orc_community_house_2, grunt_orc_community_house_1,
          grunt_orc_community_house_1, grunt_orc_community_house_3,
          grunt_orc_community_house_1, grunt_orc_community_house_2,
          nicolae_volcano_entry_s_turn
Elf:1:    eino_elf_arrival_the_gate, layout_gridlike, minmay_elf_annihilation
Elf:2:    nicolae_elf_blades_crystal_corner, layout_onion_city,
          nicolae_trove_entry_free_sample, uniq_roxanne
Elf:3:    minmay_elf_hall_statues, layout_geoelf_castle

Skill      XL: |  1  2  3  4  5  6  7  8  9 10 11 12 13 14 15 16 17 |
---------------+----------------------------------------------------+-----
Axes           | 3 4 6 7 9 10 12 13 15 17 18 20 21 | 21.9
Dodging        | 2 3 4 6 7 8 9 |  9.6
Stealth        | 1 2 3 4 5 |  5.5
Fighting       | 4 5 6 7 8 9 10 12 13 14 15 16 | 16.5
Armour         | 5 7 8 10 | 10.5
Shields        | 2 3 4 5 |  5.7
Throwing       | |  0.5

Action                     |  1- 3 |  4- 6 |  7- 9 | 10-12 | 13-15 | 16-18 || total
---------------------------+-------+-------+-------+-------+-------+-------++-------
  Melee: Hand axe          |   138 |    82 |   331 |   733 |       |       ||  1284
         Punch             |       |     2 |     1 |    12 |       |       ||    15
         Lochaber axe      |       |       |       |     8 |   775 |   636 ||  1419
  Throw: Dart              |       |       |     1 |       |     3 |     3 ||     7
 Invoke: Berserk           |     2 |     3 |     7 |    15 |    17 |     8 ||    52
         Trog's Hand       |       |     1 |     3 |     9 |    18 |     8 ||    39
         Brothers in Arms  |       |       |       |     2 |     5 |     3 ||    10
    Use: Scroll            |     3 |     6 |     4 |     8 |     8 |     3 ||    32
         Potion            |       |       |       |     4 |       |       ||     4
   Stab: Sleeping          |     1 |       |     4 |     8 |       |       ||    13
         Distracted        |       |       |       |       |       |     1 ||     1
 Armour: Animal skin       |   111 |    62 |   122 |       |       |       ||   295
         Steam dragon scal |       |       |    34 |   391 |       |       ||   425
         Crystal plate arm |       |       |       |    54 |  1255 |   706 ||  2015
  Dodge: Dodged            |   126 |    57 |   274 |   903 |   687 |   441 ||  2488
  Block: Other             |       |       |       |       |   139 |   148 ||   287
         Reflection        |       |       |       |       |     4 |    20 ||    24

Table legend: (Time is in decaauts)
 A = Elapsed time spent in this place.
 B = Non-inter-level travel time spent in this place.
 C = Inter-level travel time spent in this place.
 D = Time resting spent in this place.
 E = Time spent auto-exploring this place.
 F = Levels seen in this place.
 G = Mean time per level.
                   A        B        C        D        E       F      G
               +--------+--------+--------+--------+--------+-----+--------+
         Total |  30875 |  29556 |   1319 |   3577 |  18873 |  28 | 1102.7 |
       Dungeon |  15258 |  14433 |    825 |   1128 |   9732 |  15 | 1017.2 |
        Temple |     37 |     37 |      0 |      0 |      0 |   1 |   37.0 |
          Lair |   8056 |   7827 |    229 |   1042 |   5110 |   5 | 1611.2 |
  Orcish Mines |   2023 |   1882 |    141 |      0 |   1466 |   2 | 1011.5 |
   Elven Halls |   4536 |   4414 |    122 |   1224 |   2190 |   3 | 1512.0 |
         Trove |     75 |     75 |      0 |      0 |      0 |   1 |   75.0 |
      Ice Cave |    887 |    887 |      0 |    183 |    374 |   1 |  887.0 |
               +--------+--------+--------+--------+--------+-----+--------+

Top non-repeatable levels by time:
  Lair:5: 2313 daAuts
   Elf:2: 2162 daAuts
  Lair:3: 1868 daAuts
     D:8: 1492 daAuts
   Orc:2: 1469 daAuts
  Lair:1: 1462 daAuts
    D:10: 1421 daAuts
  Lair:4: 1390 daAuts
    D:15: 1295 daAuts
   Elf:1: 1188 daAuts
   Elf:3: 1185 daAuts
    D:12: 1162 daAuts
     D:5: 1074 daAuts
    D:14: 1069 daAuts
     D:2: 1048 daAuts
